 Dungeon Crawl Stone Soup version 0.17.1-2-g5865329 (webtiles) character file.

1134 Xubar the Shield-Bearer (level 8, -7/50 HPs)
             Began as a Gargoyle Fighter on Jan 25, 2016.
             Was an Initiate of Okawaru.
             Mangled by an orc warrior
             ... wielding a +0 trident
              (12 damage)
             ... on level 6 of the Dungeon.
             The game lasted 00:17:43 (4814 turns).

Xubar the Shield-Bearer (Gargoyle Fighter)          Turns: 4814, Time: 00:17:43

Health: -7/50      AC: 12    Str: 22    XL:     8   Next: 36%
Magic:  8/8        EV:  9    Int: 15    God:    Okawaru [......]
Gold:   296        SH: 10    Dex:  9    Spells: 0 memorised, 7 levels left

rFire  . . .     SeeInvis .     a - +0 flail
rCold  . . .     Clarity  .     b - +0 scale mail
rNeg   + . .     SustAt   .     c - +0 shield
rPois  ∞         Gourm    .     (no helmet)
rElec  +         Spirit   .     (no cloak)
rCorr  .         Warding  .     (no gloves)
rMut   .         Stasis   .     (no boots)
MR     .....                    (no amulet)
Stlth  +.........               v - ring of stealth
                                g - +6 ring of intelligence

@: not resistant to hostile enchantments, very unstealthy
A: negative energy resistance 1, electricity resistance, unbreathing,
petrification resistance, rot immunity, AC +5
a: Renounce Religion


You were on level 6 of the Dungeon.
You worshipped Okawaru.
Okawaru was noncommittal.
You were not hungry.

You visited 1 branch of the dungeon, and saw 6 of its levels.

You collected 296 gold pieces.

Inventory:

Hand Weapons
 a - a +0 flail (weapon)
Armour
 b - a +0 scale mail (worn)
 c - a +0 shield (worn)
 w - a +0 ring mail
 B - a +0 ring mail
 C - a +0 scale mail
Jewellery
 g - a +6 ring of intelligence (left hand)
 v - a ring of stealth (right hand)
Wands
 r - a wand of slowing (22)
 t - a wand of lightning (7)
Scrolls
 h - a scroll of magic mapping {unknown}
 i - a scroll of random uselessness {unknown}
 j - 2 scrolls of enchant armour {unknown}
 k - a scroll of recharging {unknown}
 q - a scroll of remove curse {unknown}
 s - a scroll of amnesia {unknown}
Potions
 f - 2 potions of magic {unknown}
 l - 2 potions of lignification {unknown}
 n - 3 potions of brilliance
 p - a potion of resistance {unknown}
 u - a potion of cure mutation {unknown}
Comestibles
 e - 3 bread rations
 o - 3 meat rations


   Skills:
 + Level 5.4 Fighting
 + Level 4.8 Maces & Flails
 + Level 5.4 Armour
 + Level 3.2 Dodging
 + Level 0.5 Stealth
 + Level 6.1 Shields


You had 7 spell levels left.
You didn't know any spells.

Dungeon Overview and Level Annotations

Branches:
Dungeon (6/15)
 Temple: D:4-7

Altars:
Ashenzari
Elyvilon
Fedhas
Nemelex Xobeh
Okawaru
Ru
Trog
Vehumet
Xom
The Shining One


Innate Abilities, Weirdness & Mutations

You are resistant to torment.
Your stone body is resilient (AC +5).
You are immune to poison.
You resist negative energy.
You are resistant to electric shocks.
You can survive without breathing.
You are immune to petrification.
You are immune to rotting.


Message History

The giant frog hits you.
You barely miss the giant frog.
The giant frog is lightly wounded.
The giant frog completely misses you.
The orc warrior hits you with a trident.
You block the giant frog's attack.
The orc priest hits you but does no damage.
The orc warrior misses you.
You hit the orc priest.
The orc priest is severely wounded.
The giant frog hits you.
The giant frog hits you but does no damage.
The orc warrior hits you with a trident!
* * * LOW HITPOINT WARNING * * *
Your shield and scale mail prevent you from hitting the orc priest.
The orc priest is severely wounded.
You block the giant frog's attack. You block the orc priest's attack.
The orc barely misses you.
The orc warrior hits you with a trident!
You die...

...... ..... ##
....
...#...####
#?........###..
#........o.....
#.......o......
..>....o##
#....#.F@# #..
##oo.# # ##...#
##..<# #...#
#...# #...#
#...


You could see an orc warrior, a giant frog, an orc priest and an orc.

Vanquished Creatures
  The ghost of Gargoyl the Skirmisher, an amateur DsAK of Lugonu (D:4)
  Sigmund (D:3)
  An ogre (D:4)
  A scorpion (D:5)
  A crimson imp (D:5)
  A hound (D:5)
  An iguana (D:5)
  2 orc priests
  Jessica (D:3)
  2 giant frog skeletons (D:5)
  4 worker ants
  5 orc wizards
  A hound zombie (D:5)
  Robin (D:3)
  5 adders
  An adder zombie (D:5)
  3 worms
  18 orcs
  9 goblins
  12 hobgoblins
  10 jackals
  2 quokkas
  2 ball pythons (D:3)
  8 bats
  2 giant cockroaches
  A giant newt (D:1)
  7 kobolds
  7 rats
110 creatures vanquished.

Notes
Turn   | Place    | Note
--------------------------------------------------------------
     0 | D:1      | Xubar the Gargoyle Fighter began the quest for the Orb.
     0 | D:1      | Reached XP level 1. HP: 14/14 MP: 1/1
   379 | D:1      | Reached XP level 2. HP: 17/19 MP: 2/2
   836 | D:2      | Reached XP level 3. HP: 15/24 MP: 3/3
  1429 | D:2      | Reached XP level 4. HP: 29/29 MP: 4/4
  1453 | D:3      | Noticed Sigmund
  1471 | D:3      | HP: 1/29 [Sigmund/vampiric scythe (4)]
  1473 | D:3      | Killed Sigmund
  1473 | D:3      | Reached skill level 4 in Fighting
  1473 | D:3      | Reached skill level 1 in Dodging
  1473 | D:3      | Reached XP level 5. HP: 1/34 MP: 5/5
  1805 | D:3      | Noticed Robin
  1812 | D:3      | Reached XP level 6. HP: 39/39 MP: 6/6
  1827 | D:3      | Killed Robin
  2352 | D:3      | Noticed Jessica
  2360 | D:3      | Killed Jessica
  2714 | D:4      | Reached skill level 5 in Shields
  2802 | D:4      | Noticed Gargoyl's ghost (amateur DsAK)
  2836 | D:4      | Killed Gargoyl's ghost
  2836 | D:4      | Reached skill level 5 in Fighting
  2836 | D:4      | Reached XP level 7. HP: 15/44 MP: 7/7
  3192 | D:4      | Reached skill level 5 in Armour
  3317 | D:4      | Found a radiant altar of Vehumet.
  3370 | D:4      | Found a shimmering altar of Xom.
  3383 | D:4      | Found an iron altar of Okawaru.
  3409 | D:4      | Became a worshipper of Warmaster Okawaru
  3588 | D:5      | Entered Level 5 of the Dungeon
  3598 | D:5      | Reached XP level 8. HP: 49/49 MP: 8/8
  3609 | D:5      | Found a shimmering altar of Xom.
  4489 | D:5      | Reached skill level 6 in Shields
  4498 | D:5      | Found a sacrificial altar of Ru.
  4505 | D:5      | Found a blossoming altar of Fedhas.
  4512 | D:5      | Found a sparkling altar of Nemelex Xobeh.
  4517 | D:5      | Found a white marble altar of Elyvilon.
  4524 | D:5      | Found a shattered altar of Ashenzari.
  4529 | D:5      | Found a bloodstained altar of Trog.
  4540 | D:5      | Found a glowing golden altar of the Shining One.
  4814 | D:6      | Mangled by an orc warrior

Action                   |  1- 3 |  4- 6 |  7- 9 || total
-------------------------+-------+-------+-------++-------
Melee: Flail             |   126 |   225 |   179 ||   530
  Use: Potion            |       |     2 |       ||     2
       Scroll            |       |     5 |     4 ||     9
  Eat: Meat ration       |     1 |       |     1 ||     2
       Pizza             |       |     1 |       ||     1
       Fruit             |       |       |     1 ||     1
       Royal jelly       |       |       |     1 ||     1
